 Dungeon Crawl Stone Soup version 0.20.0-7-g3b7b877 (webtiles) character file.

3031 Jerry the Cleaver (level 9, -18/81 HPs)
             Began as a Hill Orc Fighter on May 29, 2017.
             Was a Believer of Okawaru.
             Killed from afar by a wolf (27 damage)
             ... with an exploding inner flame
             ... led by Grum
             ... hexed by the player character
             ... on level 8 of the Dungeon.
             The game lasted 00:19:03 (7812 turns).

Jerry the Cleaver (Hill Orc Fighter)                Turns: 7812, Time: 00:19:04

Health: -18/81     AC: 15    Str: 22    XL:     9   Next: 86%
Magic:  9/9        EV:  6    Int: 13    God:    Okawaru [**....]
Gold:   383        SH: 14    Dex: 10    Spells: 8/8 levels left

rFire    . . .     SeeInvis .   v - +1 broad axe
rCold    . . .     Gourm    .   a - +1 shield {AC+3}
rNeg     + . .     Faith    .   g - +0 chain mail
rPois    .         Spirit   .   h - +2 hat
rElec    .         Reflect  +   (no cloak)
rCorr    .         Harm     .   (no gloves)
MR       .....                  (no boots)
Stlth    ..........             q - +3 amulet of reflection
Regen    0.3/turn               r - ring of positive energy
MPRegen  0.2/turn               (no ring)

@: brilliant
A: no striking features
a: Heroism, Renounce Religion


You were on level 8 of the Dungeon.
You worshipped Okawaru.
Okawaru was pleased with you.
You were not hungry.

You visited 1 branch of the dungeon, and saw 8 of its levels.

You collected 383 gold pieces.

Inventory:

Hand Weapons
 p - a cursed -3 trident
 v - a +1 broad axe (weapon)
Armour
 a - a +1 shield of protection (worn)
 g - a +0 chain mail (worn)
 h - a +2 hat (worn)
 k - a +0 buckler
Jewellery
 q - a +3 amulet of reflection (around neck)
 r - a ring of positive energy (left hand)
Scrolls
 b - 3 scrolls of remove curse
 c - a scroll of enchant weapon
 l - 3 scrolls of recharging
 u - 6 scrolls of identify
 w - a scroll of magic mapping
 y - a scroll of immolation
Potions
 d - 2 potions of brilliance
 m - a potion of curing
 o - 3 potions of might
Comestibles
 f - 12 bread rations
 i - a meat ration
 n - a fruit
 s - a royal jelly


   Skills:
 + Level 8.1 Fighting
 * Level 11.2 Axes
 + Level 7.4 Armour
 + Level 7.1 Shields


You had 8 spell levels left.
You didn't know any spells.

Dungeon Overview and Level Annotations

Branches:
Dungeon (8/15)             Temple (0/1) D:4            Lair (0/6) D:8

Altars:
Nemelex Xobeh
Okawaru

Annotations:
D:7 Prince Ribbit
D:8 Grum


Message History

You slash the wolf!
The wolf is severely wounded.
You hit the wolf. You barely miss the wolf. You block the wolf's attack. x2
The wolf bites you but does no damage. You block the wolf's attack.
Grum grunts.
Grum hits you but does no damage. The wolf bites you but does no damage.
You hit the wolf but do no damage.
The wolf is severely wounded.
You slash the wolf! You closely miss the wolf.
The wolf bites you but does no damage. You block the wolf's attack.
The wolf bites you but does no damage. Grum hits you but does no damage.
The wolf bites you.
* * * LOW HITPOINT WARNING * * *
The wolf bites you but does no damage. x2
You miss the wolf.
The wolf is severely wounded.
You hit the wolf but do no damage. You slash the wolf!
The wolf explodes!
The fiery explosion engulfs you!
You die...

**,,,,,** ###
##........* **,,,,,*
##.###.?#,,,,,**
*,,,,**
##...##.##*,,,**
***,,,** #.......#
**,** ,**,,,,**
##......## ***
,,*,,,,,** ##.......#
,,,,**,,,*** #§§§§§#.##
,,,,***,,,,** #hh§g#.h#
,,,*****,,,.**#§@###.##
,,*,,,,,*,,..*#####..#
,**,,,,,,,,...#**##.##
***,,,,,,,,.....*#..#
#####
*,,,,,,,,,*#...>.#.##
###<..#
*,,,,,,,,***#......##
##..)... *,,,,,,***
##<.....## ###.......
**,,,,**
*#..##...###.........
******
*#..#*##...#..........


You could see Grum (inner flame) and 2 wolves.

Vanquished Creatures
  A two-headed ogre (D:8)
  The ghost of Hanibal the Fighter, a novice MiFi of the Shining One (D:7)
  The ghost of Reborn the Charmwright, a novice OpSk (D:4)
  A spriggan (D:7)
  Edmund (D:5)
  An ice beast (D:6)
  An ogre (D:4)
  A phantom (D:4)
  A bullfrog (D:7)
  2 howler monkeys
  A centaur zombie (D:6)
  A quasit (D:6)
  3 orc priests
  6 orc wizards
  A hound (D:5)
  A gnoll shaman (D:7)
  A bullfrog skeleton (D:8)
  An iguana (D:6)
  7 worker ants
  A killer bee zombie (D:6)
  2 hound zombies
  2 hound skeletons
  2 worker ant zombies (D:5)
  3 gnolls (D:7)
  13 adders
  A howler monkey skeleton (D:5)
  A shadow imp (D:6)
  2 oozes
  3 worms
  2 dart slugs
  7 leopard geckos
  12 orcs
  7 bats
  6 giant cockroaches
  6 goblins
  5 hobgoblins
  15 jackals
  8 kobolds
  2 quokkas (D:4)
  4 ball pythons
  3 frilled lizards
  5 rats
  A plant (D:4)
146 creatures vanquished.

Notes
Turn   | Place    | Note
-------+----------+-------------------------------------------
     0 | D:1      | Jerry the Hill Orc Fighter began the quest for the Orb.
     0 | D:1      | Reached XP level 1. HP: 19/19 MP: 1/1
    65 | D:1      | Reached skill level 3 in Axes
   132 | D:1      | Reached XP level 2. HP: 27/27 MP: 2/2
   855 | D:1      | Reached XP level 3. HP: 33/33 MP: 3/3
   916 | D:2      | Reached skill level 4 in Axes
  1175 | D:2      | Reached XP level 4. HP: 39/40 MP: 4/4
  1965 | D:3      | Reached XP level 5. HP: 47/47 MP: 5/5
  2372 | D:4      | Reached skill level 5 in Axes
  2386 | D:4      | Noticed a phantom
  2714 | D:4      | Killed a phantom
  2714 | D:4      | Reached XP level 6. HP: 39/55 MP: 6/6
  2809 | D:4      | Reached skill level 5 in Fighting
  2921 | D:4      | Noticed Reborn's ghost (novice OpSk)
  2954 | D:4      | Killed Reborn's ghost
  2954 | D:4      | Reached skill level 6 in Axes
  2954 | D:4      | Reached XP level 7. HP: 24/61 MP: 7/7
  2972 | D:4      | HP: 4/91 [poisoned by Reborn's ghost]
  2978 | D:4      | HP: 3/91 [poisoned by Reborn's ghost]
  2984 | D:4      | HP: 2/91 [poisoned by Reborn's ghost]
  2992 | D:4      | HP: 1/61 [poisoned by Reborn's ghost]
  3360 | D:4      | Found an iron altar of Okawaru.
  3360 | D:4      | Found a sparkling altar of Nemelex Xobeh.
  3364 | D:4      | Became a worshipper of Warmaster Okawaru
  3417 | D:4      | Found a staircase to the Ecumenical Temple.
  3708 | D:4      | Reached skill level 7 in Axes
  3708 | D:4      | Reached skill level 5 in Armour
  3785 | D:4      | HP: 3/62 [orc priest/flail (8)]
  3791 | D:4      | Reached skill level 5 in Shields
  4511 | D:5      | Entered Level 5 of the Dungeon
  4529 | D:5      | Reached XP level 8. HP: 67/70 MP: 8/8
  5015 | D:5      | Reached skill level 8 in Axes
  5334 | D:5      | Noticed Edmund
  5340 | D:5      | Killed Edmund
  5340 | D:5      | Reached * piety under Okawaru
  5958 | D:6      | Reached skill level 9 in Axes
  6483 | D:7      | Noticed Hanibal's ghost (novice MiFi)
  6546 | D:7      | Killed Hanibal's ghost
  6546 | D:7      | Reached ** piety under Okawaru
  6546 | D:7      | Reached skill level 10 in Axes
  6546 | D:7      | Reached XP level 9. HP: 42/79 MP: 9/9
  6745 | D:7      | Noticed Prince Ribbit
  7457 | D:8      | Noticed a two-headed ogre
  7473 | D:8      | Killed a two-headed ogre
  7473 | D:8      | Reached skill level 11 in Axes
  7783 | D:8      | Noticed Grum
  7812 | D:8      | Killed from afar by a wolf

Skill      XL: |  1  2  3  4  5  6  7  8  9 |
---------------+----------------------------+-----
Axes           | 3 4 5 6 7 10 11 | 11.2
Fighting       | 4 5 6 7 8 |  8.1
Armour         | 4 5 6 7 |  7.4
Shields        | 4 5 6 7 |  7.1

Action                   |  1- 3 |  4- 6 |  7- 9 || total
-------------------------+-------+-------+-------++-------
Melee: War axe           |    89 |    18 |       ||   107
       Broad axe         |       |   175 |   345 ||   520
  Use: Scroll            |     3 |       |     7 ||    10
       Potion            |       |    10 |     6 ||    16
  Eat: Chunk             |     1 |     5 |    16 ||    22
       Fruit             |       |       |     1 ||     1
Armor: Scale mail        |    45 |       |       ||    45
       Chain mail        |       |    90 |   182 ||   272
       Skin              |       |     7 |    11 ||    18
Dodge: Dodged            |    44 |    51 |    82 ||   177
Block: Buckler           |    13 |    67 |    57 ||   137
       Shield            |       |       |   156 ||   156
